AoeStats
← Cer Spence

Arabia

510124626Analyzed
1v1 RM · 2d ago on Sep 29, 2026· 44m 16s· 2 players
Game mode
Random Map
Map size
Tiny (2 player)
Population
200
Speed
Normal
Resources
Standard
Victory
Conquest
Starting age
Dark Age
Ending age
Imperial Age
RankedLock teamsTeams togetherTeam positionsShared explorationLock speedFull tech treeHidden civsTurbo modeCheats
Victory
Defeat
🇸🇪 Malians · Sweden
654
+17
🇩🇪 Magyars · Germany
676
-17
Cer Spence
12:41 Feudal Age
13:17 Double-Bit Axe
13:13 Horse Collar
14:36 Loom
17:28 Castle Age
20:03 Pikeman
33:48 Fletching
33:59 Padded Archer Armor
37:26 Imperial Age
36:30 Wheelbarrow
36:28 Town Watch
39:46 Hand Cart
41:34 Ballistics
41:58 Leather Archer Armor
42:12 Bodkin Arrow
yunn champ yunn
8:55 Loom
11:08 Feudal Age
11:44 Double-Bit Axe
14:21 Horse Collar
16:12 Bloodlines
19:11 Scale Barding Armor
18:47 Man-at-Arms
21:34 Scale Mail Armor
28:07 Castle Age
26:39 Gold Mining
29:27 Long Swordsman
33:44 Crossbowman
36:37 Wheelbarrow
38:30 Corvinian Army
Connection lost

Rejoining the realm…

Still unreachable

The connection could not be restored.

Session expired

The server has moved on; the page needs a fresh start.